 Dungeon Crawl Stone Soup version 0.27.1 (webtiles) character file.

Game seed: 12224137963868856497

4 Rrauwl the Ducker (level 1, -1/13 HPs)
             Began as a Deep Elf Abyssal Knight on Aug 29, 2021.
             Was an Initiate of Lugonu.
             Slain by a jackal (3 damage)
             ... on level 1 of the Dungeon.
             The game lasted 00:01:40 (199 turns).

Rrauwl the Ducker (Deep Elf Abyssal Knight)          Turns: 199, Time: 00:01:40

Health: -1/13      AC:  3    Str:  9    XL:     1   Next: 50%
Magic:  4/4        EV: 12    Int: 16    God:    Lugonu [......]
Gold:   52         SH:  5    Dex: 14    Spells: 0/0 levels left

rFire    . . .     SeeInvis .   a - +1 short sword
rCold    . . .     Faith    .   (no shield)
rNeg     . . .     Spirit   .   b - +0 leather armour
rPois    .         Reflect  +   (no helmet)
rElec    .         Harm     .   (no cloak)
rCorr    .         Rampage  .   (no gloves)
Will     .....                  (no boots)
Stlth    +.........             c - amulet of reflection
HPRegen  0.04/turn              (no ring)
MPRegen  0.09/turn              (no ring)

@: no status effects
A: no striking features
a: Renounce Religion


You were on level 1 of the Dungeon.
You worshipped Lugonu.
Lugonu was noncommittal.
You visited 1 branch of the dungeon, and saw 1 of its levels.
You visited the Abyss 1 time.

You collected 52 gold pieces.

Inventory:

Hand Weapons
 a - a +1 short sword (weapon)
Missiles
 d - 17 arrows
Armour
 b - a +0 leather armour (worn)
Jewellery
 c - an amulet of reflection (around neck)
Scrolls
 e - a scroll of holy word {unknown}


   Skills:
 + Level 2.4 Fighting
 + Level 2.1 Short Blades
 + Level 0.9 Armour
 + Level 2.5 Dodging
 - Level 2.0 Invocations


You couldn't memorise any spells.
You didn't know any spells.
Your spell library was empty.

Dungeon Overview and Level Annotations

Branches:
Dungeon (1/15)

Altars:


Message History

You kill the dart slug!
Lugonu accepts your kill.
You closely miss the jackal. The jackal bites you.
You hit the jackal but do no damage. The jackal closely misses you.
You hit the jackal.
The jackal is moderately wounded.
The jackal closely misses you. The jackal barely misses you.
You hit the jackal.
The jackal is heavily wounded.
The jackal bites you.
You aren't carrying any potions.
You barely miss the jackal.
The jackal is moderately wounded.
The jackal bites you but does no damage. x2
You hit the jackal.
The jackal is almost dead.
You block the jackal's attack.
You hit the jackal but do no damage.
The jackal is almost dead.
The jackal barely misses you.
You closely miss the jackal.
The jackal is almost dead.
The jackal bites you. x2
You closely miss the jackal.
The jackal is almost dead.
The jackal closely misses you.
You barely miss the jackal.
The jackal is almost dead.
The jackal barely misses you. The jackal bites you.
* * * LOW HITPOINT WARNING * * *
You hit the jackal but do no damage.
The jackal is almost dead.
The jackal barely misses you.
You barely miss the jackal.
The jackal is almost dead.
The jackal bites you but does no damage.
You hit the jackal but do no damage.
The jackal is almost dead.
The jackal bites you.
You die...

..... ### .... #.. ....
.....###
##.##...###.......
....... ...#.... .
.....#######.#... ...
#..#.......#...## #...
.......###).....##..#...
#.###.........#.@hh.....
..# #####...#...##h.##..
.## #....##.# .... .#
#.#............. )#
#.#.....>... ... .#
#.#....####..... .#
#.####... .. . .# #[.
#...# . .# ### ###...


You could see 3 jackals.

Vanquished Creatures
  A dart slug (D:1)
  A ball python (D:1)
  A kobold (D:1)
3 creatures vanquished.

Notes
Turn   | Place    | Note
-------+----------+-------------------------------------------
     0 | Abyss:1  | Rrauwl the Deep Elf Abyssal Knight began the quest for the
                  | Orb.
     0 | Abyss:1  | Reached XP level 1. HP: 13/13 MP: 4/4
    39 | Abyss:2  | Found a corrupted altar of Lugonu.
    82 | Abyss:2  | Noticed an apocalypse crab
   101 | Abyss:2  | Noticed a thrashing horror
   101 | Abyss:2  | Noticed a thrashing horror
   101 | D:1      | Escaped the Abyss
   199 | D:1      | Slain by a jackal

Illustrated notes

Levels and vault maps discovered:
D:1:      heliophobic_arrival_battle_scene, layout_rooms, corexii_hall_statues_l

Action                   || total
-------------------------++-------
Melee: Short sword       ||    20
Invok: Depart the Abyss  ||     1
Armor: Leather armour    ||     3
Dodge: Dodged            ||     8
Block: Other             ||     3
       Reflection        ||     1
